 Dungeon Crawl Stone Soup version 0.27.1 (webtiles) character file.

Game seed: 8592702133259621075

781 chaosape the Sneak (level 7, -2/53 (56) HPs)
             Began as a Gnoll Wanderer on Aug 28, 2021.
             Was a Believer of Wu Jian.
             Slain by a wight (6 damage)
             ... on level 6 of the Dungeon.
             The game lasted 00:33:08 (5856 turns).

chaosape the Sneak (Gnoll Wanderer)                 Turns: 5856, Time: 00:33:08

HP:   -2/53 (56)    AC:  7    Str: 12    XL:     7   Next: 85%
MP:   11/11         EV: 10    Int:  9    God:    Wu Jian [**....]
Gold: 176           SH:  6    Dex: 15    Spells: 11/11 levels left

rFire    . . .     SeeInvis .   a - +5 dagger
rCold    . . .     Faith    .   d - +1 buckler
rNeg     . . .     Spirit   .   s - +0 scale mail
rPois    .         Reflect  .   (no helmet)
rElec    .         Harm     .   (no cloak)
rCorr    .         Rampage  .   l - +0 pair of gloves
Will     .....                  (no boots)
Stlth    ++........             (no amulet)
HPRegen  0.17/turn              (no ring)
MPRegen  0.12/turn              (no ring)

@: attractive, drained
A: fangs 1, strong nose, distributed training
a: Renounce Religion, Wall Jump


You were on level 6 of the Dungeon.
You worshipped Wu Jian.
Wu Jian was pleased with you.
You visited 1 branch of the dungeon, and saw 6 of its levels.

You collected 176 gold pieces.

Inventory:

Hand Weapons
 a - a +5 dagger (weapon)
 b - a +0 club
 c - a +0 long sword
 i - a +0 spear
 o - a +0 rapier
 t - a +2 antimagic dagger
 x - a +0 flail of draining
 A - a +0 trident
 B - a +0 hunting sling of flaming
Missiles
 h - 173 stones (quivered)
 m - 61 bolts
 n - 6 boomerangs
 v - 13 poisoned darts
 y - 2 silver javelins
Armour
 d - a +1 buckler (worn)
 e - a +0 robe
 f - a +0 ring mail
 j - a +0 scale mail
 l - a +0 pair of gloves (worn)
 s - a +0 scale mail (worn)
 z - the +1 robe of Vanity {rN+}
   (You found it on level 5 of the Dungeon)

   rN:        It protects you from negative energy.
Magical Staves
 p - a staff of death
Scrolls
 r - 3 scrolls of noise
 u - 2 scrolls of amnesia
Potions
 q - a potion of magic


   Skills:
 + Level 5.4 Fighting
 + Level 2.7 Short Blades
 + Level 5.4 Long Blades
 + Level 2.7 Axes
 + Level 2.7 Maces & Flails
 + Level 2.7 Polearms
 + Level 3.8 Staves
 + Level 2.7 Slings
 + Level 2.7 Bows
 + Level 2.7 Crossbows
 + Level 2.7 Throwing
 + Level 2.7 Armour
 + Level 3.8 Dodging
 + Level 6.6 Stealth
 + Level 3.8 Shields
 + Level 2.7 Unarmed Combat
 + Level 2.7 Spellcasting
 + Level 2.2 Conjurations
 + Level 2.2 Hexes
 + Level 2.2 Summonings
 + Level 2.2 Necromancy
 + Level 2.2 Translocations
 + Level 2.2 Transmutations
 + Level 2.2 Fire Magic
 + Level 2.2 Ice Magic
 + Level 2.2 Air Magic
 + Level 2.2 Earth Magic
 + Level 2.2 Poison Magic
 + Level 3.0 Invocations
 + Level 2.7 Evocations


You had 11 spell levels left.
You didn't know any spells.
Your spell library was empty.

Dungeon Overview and Level Annotations

Branches:
Dungeon (6/15)             Temple (0/1) D:5

Altars:
Fedhas
Trog
Uskayaw
Wu Jian

Shops:
D:6 *


Innate Abilities, Weirdness & Mutations

You have very sharp teeth.
Your uncanny sense of smell can sniff out nearby items.
Your experience applies equally to all skills.


Message History

Things that are here:
a +0 club; a +0 short sword; a kobold corpse You lunge at the wight.
You closely miss the wight.
A wight comes into view. It is wielding a +0 falchion.
The wight hits you with a +0 war axe!
You feel drained.
You barely miss the wight. The wight closely misses you.
You hit the wight but do no damage. The wight hits you with a +0 war axe!
You hit the wight but do no damage. You hit the wight. You bite the wight.
The wight is moderately damaged.
The wight barely misses you.
You hit the wight but do no damage. Your bite misses the wight.
The wight is moderately damaged.
The wight hits you but does no damage.
The wight hits you with a +4 great sword!
Okay, then.
As you read the scroll labelled QOG ITIPNAQ, it crumbles to dust.
It is a scroll of enchant armour.
Your +0 buckler glows green for a moment.
The wight hits you with a +0 war axe. You block the wight's attack.
As you read the scroll labelled XAIGRI ZUUQU, it crumbles to dust.
You feel aware of your surroundings.
It was a scroll of magic mapping.
The wight hits you with a +0 war axe!
* * * LOW HITPOINT WARNING * * *
The wight barely misses you.
There is nothing to wall jump against here.
Really quaff the potion of attraction?
You feel attractive to monsters. The wight barely misses you.
The wight hits you with a +0 war axe.
* * * LOW HITPOINT WARNING * * *
You feel drained.
* * * LOW HITPOINT WARNING * * *
You block the wight's attack.
Okay, then.
You don't know any spells.
Okay, then.
You hit the wight.
The wight is heavily damaged.
The wight hits you with a +0 falchion.
You die...

*,**,,***,*,,..#.##########.#.#*.
*,**<,***,*,,........# #.#.#*.
*,**,,,,*,*,*###.###)# #.#.#*.
*,,,,****,*,,,,#.# #.# #.#,**,
****** *,*,**,#.# #z# #.#,**,
*,*,**,#)# #.# #.#,**, *,*,*#,#z#
#.# *,*,**, *.#.##.#z###.#
*,*,**, *......z@z...# *,*,**,
*##.##########*****,*,***
*,,,,,,,,,,,,,,,,,,,***
*,********,******,,,,,, *,* *,*
*,***** *,* *,* *,* *,* *** ***
*,* ***


You could see 4 wights.

Vanquished Creatures
  A black bear (D:4)
  An ogre (D:5)
  A kobold brigand (D:6)
  A scorpion (D:5)
  An electric eel (D:6)
  A bullfrog zombie (D:5)
  A jelly (D:5)
  3 orc priests (D:5)
  2 hounds
  2 iguanas
  An orc wizard (D:4)
  A hound skeleton (D:4)
  5 adders
  An adder skeleton (D:5)
  4 worms (D:5)
  3 dart slugs
  7 orcs
  2 ball pythons
  2 endoplasms
  3 giant cockroaches
  8 goblins
  3 hobgoblins (D:1)
  4 jackals (D:3)
  9 kobolds
  5 bats
  2 frilled lizards
  8 rats
82 creatures vanquished.

Notes
Turn   | Place    | Note
-------+----------+-------------------------------------------
     0 | D:1      | chaosape the Gnoll Wanderer began the quest for the Orb.
     0 | D:1      | chaosape set off with the following items: a +2 dagger, a
                  | potion of heal wounds, a potion of curing, a +0 buckler, a
                  | +0 robe
     0 | D:1      | Reached XP level 1. HP: 20/20 MP: 1/1
   218 | D:1      | Reached XP level 2. HP: 24/26 MP: 2/2
  1041 | D:1      | Found a faded altar of an unknown god.
  1045 | D:1      | Became a worshipper of the Wu Jian Council
  1045 | D:1      | Reached * piety under Wu Jian
  1255 | D:2      | Reached skill level 6 in Stealth
  1255 | D:2      | Reached XP level 3. HP: 31/31 MP: 2/4
  1295 | D:2      | Reached skill level 1 in Invocations
  1623 | D:2      | Reached skill level 1 in Short Blades
  1623 | D:2      | Reached skill level 1 in Axes
  1623 | D:2      | Reached skill level 1 in Maces & Flails
  1623 | D:2      | Reached skill level 1 in Polearms
  1623 | D:2      | Reached skill level 1 in Slings
  1623 | D:2      | Reached skill level 1 in Bows
  1623 | D:2      | Reached skill level 1 in Crossbows
  1623 | D:2      | Reached skill level 1 in Throwing
  1623 | D:2      | Reached skill level 1 in Armour
  1623 | D:2      | Reached skill level 1 in Unarmed Combat
  1623 | D:2      | Reached skill level 1 in Spellcasting
  1623 | D:2      | Reached skill level 1 in Evocations
  1650 | D:2      | Reached XP level 4. HP: 17/38 MP: 5/5
  2084 | D:3      | Noticed an ogre
  2466 | D:3      | Reached skill level 1 in Conjurations
  2466 | D:3      | Reached skill level 1 in Hexes
  2466 | D:3      | Reached skill level 1 in Summonings
  2466 | D:3      | Reached skill level 1 in Necromancy
  2466 | D:3      | Reached skill level 1 in Translocations
  2466 | D:3      | Reached skill level 1 in Transmutations
  2466 | D:3      | Reached skill level 1 in Fire Magic
  2466 | D:3      | Reached skill level 1 in Ice Magic
  2466 | D:3      | Reached skill level 1 in Air Magic
  2466 | D:3      | Reached skill level 1 in Earth Magic
  2466 | D:3      | Reached skill level 1 in Poison Magic
  2469 | D:3      | Reached XP level 5. HP: 18/43 MP: 6/6
  3045 | D:3      | Found a blossoming altar of Fedhas.
  3166 | D:4      | Noticed a black bear
  3200 | D:4      | Killed a black bear
  3201 | D:4      | Reached XP level 6. HP: 10/50 MP: 8/8
  3525 | D:4      | Found a hide-covered altar of Uskayaw.
  3618 | D:4      | Reached skill level 5 in Fighting
  3618 | D:4      | Reached skill level 5 in Long Blades
  3726 | D:5      | Entered Level 5 of the Dungeon
  4034 | D:5      | Reached ** piety under Wu Jian
  4274 | D:5      | Found a staircase to the Ecumenical Temple.
  4306 | D:5      | Reached XP level 7. HP: 34/56 MP: 10/10
  4625 | D:5      | Identified the +1 robe of Vanity {rN+}
  4686 | D:5      | Noticed a moth of wrath
  4690 | D:5      | Found a bloodstained altar of Trog.
  5349 | D:6      | Found Fypesi's Assorted Antiques.
  5856 | D:6      | Slain by a wight

Illustrated notes

Levels and vault maps discovered:
D:1:      minmay_arrival_diagonal_passages, layout_loops_corners,
          basic_ecumenical_altar
D:2:      layout_loops_ring
D:3:      layout_basic, mainiacjoe_overflow_alcove_4, nrook_mini_vaults
D:4:      layout_rooms, mainiacjoe_overflow_cross_hatched, serial_curves,
          eino_curves_03, eino_curves_04, eino_curves_02, uniq_grinder
D:5:      layout_basic, tgw_trog, minmay_temple_entry_statues_pillars,
          kennysheep_generic_room_5
D:6:      layout_basic, chequers_mini_garden, nicolae_wooded_promenade

Skill      XL: |  1  2  3  4  5  6  7 |
---------------+----------------------+-----
Stealth        | 6 |  6.6
Invocations    | 1 2 3 |  3.0
Short Blades   | 1 2 |  2.7
Axes           | 1 2 |  2.7
Maces & Flails | 1 2 |  2.7
Polearms       | 1 2 |  2.7
Slings         | 1 2 |  2.7
Bows           | 1 2 |  2.7
Crossbows      | 1 2 |  2.7
Throwing       | 1 2 |  2.7
Armour         | 1 2 |  2.7
Unarmed Combat | 1 2 |  2.7
Spellcasting   | 1 2 |  2.7
Evocations     | 1 2 |  2.7
Conjurations   | 1 2 |  2.2
Hexes          | 1 2 |  2.2
Summonings     | 1 2 |  2.2
Necromancy     | 1 2 |  2.2
Translocations | 1 2 |  2.2
Transmutations | 1 2 |  2.2
Fire Magic     | 1 2 |  2.2
Ice Magic      | 1 2 |  2.2
Air Magic      | 1 2 |  2.2
Earth Magic    | 1 2 |  2.2
Poison Magic   | 1 2 |  2.2
Staves         | 3 |  3.8
Dodging        | 3 |  3.8
Shields        | 3 |  3.8
Fighting       | 5 |  5.4
Long Blades    | 5 |  5.4

Action                   |  1- 3 |  4- 6 |  7- 9 || total
-------------------------+-------+-------+-------++-------
Melee: Dagger            |   121 |   172 |   116 ||   409
       Bite              |    10 |    12 |    17 ||    39
Throw: Dart              |       |     4 |     3 ||     7
       Stone             |       |     1 |     1 ||     2
       Javelin           |       |       |     1 ||     1
Invok: Lunge             |     8 |    10 |     6 ||    24
       Whirlwind         |       |    13 |     7 ||    20
  Use: Scroll            |       |    12 |     4 ||    16
       Potion            |       |     1 |     5 ||     6
 Stab: Sleeping          |     7 |     5 |       ||    12
Armor: Ring mail         |    32 |    36 |       ||    68
       Scale mail        |       |    15 |    26 ||    41
Dodge: Dodged            |    51 |    89 |    38 ||   178
Block: Buckler           |    23 |    33 |    14 ||    70
